 Dungeon Crawl Stone Soup version 0.20-a0-267-g4a7ec2a (webtiles) character file.

143 DarthKuruptios2 the Cudgeler (level 5, -8/57 HPs)
             Began as an Ogre Berserker on Nov 28, 2016.
             Was a Believer of Trog.
             Mangled by DoctorBileduct's ghost (13 damage)
             ... on level 4 of the Dungeon on Dec 6, 2016.
             The game lasted 00:09:27 (1803 turns).

DarthKuruptios2 the Cudgeler (Ogre Berserker)       Turns: 1803, Time: 00:09:28

Health: -8/57      AC:  4    Str: 22    XL:     5   Next: 25%
Magic:  5/5        EV:  8    Int:  6    God:    Trog [**....]
Gold:   152        SH:  7    Dex: 10    Spells: 4/4 levels left

rFire  + . .     SeeInvis .     a - +0 mace
rCold  x . .     Gourm    .     i - +0 robe
rNeg   . . .     Faith    .     u - +0 shield
rPois  +         Spirit   .     (helmet restricted)
rElec  .         Reflect  .     n - +0 cloak {rPois}
rCorr  .         Harm     .     (gloves unavailable)
MR     .....                    (boots unavailable)
Stlth  +.........               (no amulet)
                                (no ring)
                                f - ring of fire

@: exhausted, slowed, very slow
A: unfitting armour, tough skin 1
a: Berserk, Trog's Hand, Burn Spellbooks, Renounce Religion


You were on level 4 of the Dungeon.
You worshipped Trog.
Trog was pleased with you.
You were hungry.

You visited 1 branch of the dungeon, and saw 4 of its levels.

You collected 152 gold pieces.

Inventory:

Hand Weapons
 a - a +0 mace (weapon)
Armour
 b - a +0 animal skin
 i - a +0 robe (worn)
 n - a +0 cloak of poison resistance (worn)
 u - a +0 shield (worn)
Jewellery
 f - a ring of fire (left hand)
 o - an uncursed ring of fire
 p - a +6 ring of evasion {unknown}
Scrolls
 d - 6 scrolls of remove curse
 l - 2 scrolls of fog
 m - 3 scrolls of identify
 r - a scroll of amnesia {unknown}
 s - a scroll of blinking {unknown}
Potions
 e - a potion of agility {unknown}
 g - a potion of flight {unknown}
 t - a potion of curing {unknown}
Comestibles
 c - 2 bread rations
 h - a chunk of flesh
 j - a royal jelly
 k - a beef jerky
 q - 3 fruits


   Skills:
 + Level 5.1 Fighting
 + Level 5.7 Maces & Flails
 + Level 3.5 Dodging
 + Level 0.4 Stealth
 + Level 0.3 Shields


You had 4 spell levels left.
You didn't know any spells.

Dungeon Overview and Level Annotations

Branches:
Dungeon (4/15)
 Temple: D:4-7

Altars:
Elyvilon
Fedhas
Makhleb
Qazlal
Trog
Yredelemnul

Annotations:
D:4 DoctorBileduct's ghost, amateur FoFi


Innate Abilities, Weirdness & Mutations

You are too large for most types of armour.
You have tough skin. (AC +1)


Message History

You are exhausted.
You feel yourself slow down.
You hit DoctorBileduct's ghost.
DoctorBileduct's ghost is lightly damaged.
DoctorBileduct's ghost hits you!
* * * LOW HITPOINT WARNING * * *
The giant cockroach barely misses you. DoctorBileduct's ghost hits you!
* * * LOW HITPOINT WARNING * * *
You block the giant cockroach's attack.
Okay, then.
Okay, then.
You aren't carrying any items that you can evoke.
Okay, then.
Okay, then.
As you read the scroll labeled DYH BEDGHOITU, it crumbles to dust.
The creatures around you are filled with an inner flame!
It was a scroll of immolation.
You feel sick.
You are no longer poisoned.
The giant cockroach barely misses you. DoctorBileduct's ghost hits you!
You die...

#.........#
#...<.....#
#.........##
#..........##
#...........#
##..........####
#.......$†.....#
#........†.....#
#..$.......@W..#
#..........s...#
#..................
##<................
#........<.#.##...
#..........#.# ..
............# .
...........#


You could see DoctorBileduct's ghost (inner flame) and a giant cockroach (inner
flame).

Vanquished Creatures
  An orc wizard (D:3)
  A worker ant (D:4)
  An adder (D:3)
  3 dart slugs
  3 leopard geckos
  4 orcs (D:3)
  6 bats
  5 giant cockroaches
  8 goblins
  7 hobgoblins
  4 jackals (D:2)
  4 kobolds
  3 quokkas
  2 ball pythons
  6 frilled lizards
  6 rats
  A spectral orc (D:3)
65 creatures vanquished.

Notes
Turn   | Place    | Note
-------+----------+-------------------------------------------
     0 | D:1      | DarthKuruptios2 the Ogre Berserker began the quest for the Orb.
     0 | D:1      | Reached XP level 1. HP: 24/24 MP: 1/1
   173 | D:1      | Reached XP level 2. HP: 24/32 MP: 2/2
   568 | D:2      | Upgraded the game from 0.20-a0-217-g17e8ceb to 0.20-a0-222-gb69ddcd
   568 | D:2      | Reached XP level 3. HP: 39/40 MP: 3/3
   577 | D:2      | Reached ** piety under Trog
   590 | D:2      | Found a white marble altar of Elyvilon.
   590 | D:2      | Found a burning altar of Makhleb.
   591 | D:2      | Found a blossoming altar of Fedhas.
   959 | D:2      | Upgraded the game from 0.20-a0-222-gb69ddcd to 0.20-a0-229-ge6e0e65
  1087 | D:2      | Found a stormy altar of Qazlal.
  1222 | D:3      | Reached XP level 4. HP: 43/49 MP: 4/4
  1228 | D:3      | Reached skill level 5 in Maces & Flails
  1242 | D:3      | Upgraded the game from 0.20-a0-229-ge6e0e65 to 0.20-a0-233-g355e7a9
  1342 | D:3      | Found a basalt altar of Yredelemnul.
  1397 | D:3      | Reached skill level 5 in Fighting
  1428 | D:3      | Upgraded the game from 0.20-a0-233-g355e7a9 to 0.20-a0-241-ge0d8a1c
  1428 | D:3      | Upgraded the game from 0.20-a0-241-ge0d8a1c to 0.20-a0-267-g4a7ec2a
  1562 | D:3      | Found a bloodstained altar of Trog.
  1669 | D:3      | Reached XP level 5. HP: 50/57 MP: 5/5
  1796 | D:4      | Noticed DoctorBileduct's ghost (amateur FoFi)
  1803 | D:4      | Mangled by DoctorBileduct's ghost

Vault maps used:
D:1:      dpeg_arrival_more_subterranean_lakeside_camping, serial_forest,
          infiniplex_forest_end_3, infiniplex_forest_corner_2,
          infiniplex_forest_straight_4, infiniplex_forest_clump_small,
          infiniplex_forest_clump_large, infiniplex_forest_lined_corner
D:2:      gammafunk_temple_overflow_claw, nicolae_qazlal_eye_of_the_storm
D:3:      yredelemnul_forgotten_temple_becter, lightli_temple_of_fire

Skill      XL: |  1  2  3  4 |
---------------+-------------+-----
Dodging        | 3 |  3.5
Maces & Flails | 5 |  5.7
Fighting       | 5 |  5.1
Stealth        | |  0.4
Shields        | |  0.3

Action                   |  1- 3 |  4- 6 || total
-------------------------+-------+-------++-------
Melee: Mace              |   111 |    67 ||   178
Invok: Berserk           |     1 |     1 ||     2
  Use: Scroll            |     5 |     1 ||     6
 Stab: Sleeping          |     1 |       ||     1
  Eat: Chunk             |     1 |     3 ||     4
Armor: Animal skin       |     2 |       ||     2
       Robe              |    43 |    22 ||    65
Dodge: Dodged            |    72 |    44 ||   116
Block: Shield            |       |    13 ||    13
